 Dungeon Crawl Stone Soup version 0.27.1-1-g398f81649c (webtiles) character file.

Game seed: 12502246509444805270

8133 pkoi the Grappler (level 11, -1/105 HPs)
             Began as a Troll Monk on Sept 8, 2021.
             Was a High Priest of Okawaru.
             Slain by a lindwurm (12 damage)
             ... on level 9 of the Dungeon.
             The game lasted 00:10:03 (7515 turns).

pkoi the Grappler (Troll Monk)                      Turns: 7515, Time: 00:10:03

Health: -1/105     AC:  7    Str: 24    XL:     11   Next: 5%
Magic:  13/14      EV: 16    Int:  6    God:    Okawaru [*****.]
Gold:   255        SH:  0    Dex: 18    Spells: 10/10 levels left

rFire    + . .     SeeInvis +     - Unarmed
rCold    . . .     Faith    .   (no shield)
rNeg     . . .     Spirit   .   d - +2 robe {Will+}
rPois    +         Reflect  .   a - +0 hat {SInv}
rElec    +         Harm     .   E - +0 cloak
rCorr    .         Rampage  .   (gloves unavailable)
Will     +....                  (boots unavailable)
Stlth    +++.......             h - amulet of magic regeneration
HPRegen  1.27/turn              y - ring of Bofuf {rElec rF+ Dex+6}
MPRegen  0.39/turn              m - ring of poison resistance

@: heroic, flying
A: large, unfitting armour, claws 3, regeneration 1, shaggy fur 1, tough skin 1
a: Renounce Religion, Heroism, Finesse


You were on level 9 of the Dungeon.
You worshipped Okawaru.
Okawaru was extremely pleased with you.
You visited 2 branches of the dungeon, and saw 10 of its levels.
You also visited: Ossuary.

You collected 864 gold pieces.
You spent 609 gold pieces at shops.

Inventory:

Missiles
 i - 43 poisoned darts (quivered)
 C - 6 boomerangs
Armour
 a - a +0 hat of see invisible (worn)
 d - a +2 robe of willpower (worn)
 E - a +0 cloak (worn)
Jewellery
 b - a ring of willpower
 e - a ring of ice
 h - an amulet of magic regeneration (around neck)
 m - a ring of poison resistance (right claw)
 o - a ring of fire
 y - the ring of Bofuf (left claw) {rElec rF+ Dex+6}
   (You acquired it on level 6 of the Dungeon)

   [ring of dexterity]

   Dex:       It affects your dexterity (+6).
   rF:        It protects you from fire.
   rElec:     It insulates you from electricity.
Wands
 c - a wand of digging (6)
 w - a wand of iceblast (11)
 x - a wand of flame (17)
 B - a wand of mindburst (27)
Scrolls
 k - 10 scrolls of teleportation
 u - 2 scrolls of magic mapping
 A - 2 scrolls of blinking
Potions
 f - 7 potions of curing
 g - a potion of flight
 j - 3 potions of invisibility
 l - 8 potions of heal wounds
 n - 2 potions of magic
 p - 2 potions of brilliance
 r - 2 potions of haste
 s - a potion of cancellation
 t - a potion of berserk rage


   Skills:
 + Level 6.0(11.0) Fighting
 + Level 6.0(11.0) Dodging
 - Level 1.0(6.0) Stealth
 + Level 12.9(17.9) Unarmed Combat
 + Level 5.8 Invocations


You had 10 spell levels left.
You didn't know any spells.
Your spell library contained the following spells:

 Spells                   Type           Power      Damage    Failure   Level
 Static Discharge         Conj/Air       0%         N/A       58%         2
 Lightning Bolt           Conj/Air       0%         1d11      100%        5
 Maxwell's Capacitive Co  Air            0%         ∞         100%        8


Dungeon Overview and Level Annotations

Branches:
Dungeon (9/15)             Temple (1/1) D:5         Ossuary (visited)
   Lair: D:8-11         Orc: D:9-12

Altars:
Ashenzari
Cheibriados
Dithmenos
Elyvilon
Fedhas
Gozag
Hepliaklqana
Kikubaaqudgha
Makhleb
Nemelex Xobeh
Okawaru
Qazlal
Ru
Sif Muna
Trog
Uskayaw
Vehumet
Wu Jian
Xom
Yredelemnul
Zin
The Shining One

Shops:
D:8 *   D:9 ?:


Innate Abilities, Weirdness & Mutations

You are too large for most types of armour.
You have claws for hands.
Your natural rate of healing is unusually fast.
You are covered in fur. (AC +1)
You have tough skin. (AC +1)


Message History

* * * LOW HITPOINT WARNING * * *
Your Fighting skill increases to level 6!
Your Dodging skill increases to level 6!
You have reached level 11!
You gain the combat prowess of a mighty hero.
You claw the lindwurm!
The lindwurm is moderately wounded.
The lindwurm bites you!
* * * LOW HITPOINT WARNING * * *
The lindwurm claws you.
* * * LOW HITPOINT WARNING * * *
The lindwurm barely misses you.
You scratch the lindwurm.
The lindwurm is moderately wounded.
The lindwurm barely misses you. x2; The lindwurm completely misses you.
The lindwurm bites you.
* * * LOW HITPOINT WARNING * * *
The lindwurm claws you.
* * * LOW HITPOINT WARNING * * *
The lindwurm claws you but does no damage.
You claw the lindwurm!
The lindwurm is severely wounded.
The lindwurm bites you!
* * * LOW HITPOINT WARNING * * *
The lindwurm barely misses you. The lindwurm claws you.
* * * LOW HITPOINT WARNING * * *
Unknown command.
You feel much better.
The lindwurm bites you but does no damage.
The lindwurm claws you!
* * * LOW HITPOINT WARNING * * *
The lindwurm barely misses you. The lindwurm bites you!
* * * LOW HITPOINT WARNING * * *
The lindwurm claws you.
* * * LOW HITPOINT WARNING * * *
The lindwurm claws you but does no damage.
You mangle the lindwurm!!
The lindwurm is almost dead.
The lindwurm bites you!
You die...

#§..§§§≈≈§....≈≈≈§≈≈....#
####.§≈§≈≈≈...##...≈≈§§≈§..#
)).#..§≈≈≈§..####..§§≈≈≈...#
##))(.§≈≈≈..#.$(.#.§§§≈≈...#
##)).≈≈≈≈≈.##)=))##.≈≈≈≈≈..#
.....≈≈≈≈≈.##!kkk##.≈≈≈≈≈..######
......≈≈≈≈..#.$(.#..§§≈≈.........
.....§§§≈≈≈..####k.≈≈§§≈.......<.
......≈§≈§§...##@k.≈§§§§.........
.......≈≈≈§≈≈....≈§≈≈≈≈..........
.......≈≈§§≈§§≈≈≈§§§§≈§..........
...)....≈§§§§§§≈≈§§§§§§..########
∩..#..[..≈§≈≈§≈≈≈§≈≈§§...#
...#......§≈§§≈§≈≈§.....##
...##........§§§.......##
######...............###
###.........#####


You could see 2 lindwurms.

Vanquished Creatures
  2 two-headed ogres
  A lindwurm (D:9)
  A cyclops (D:7)
  Sigmund (D:3)
  9 yaks
  Grum (D:8)
  A steam dragon (D:8)
  Edmund (D:5)
  Duvessa (D:4)
  4 water moccasins
  3 ice beasts
  3 orc warriors
  2 necrophages
  2 ogres
  3 wolves (D:8)
  5 centaurs
  3 kobold brigands
  A bullfrog (D:8)
  Dowan (D:4)
  2 scorpions
  2 elf skeletons (D:5)
  A water moccasin zombie (D:6)
  A wyvern skeleton (D:6)
  A water moccasin skeleton (D:5)
  3 wights (D:9)
  2 howler monkeys
  A bullfrog zombie (D:5)
  A centaur zombie (D:7)
  6 jellies
  A centaur skeleton (D:7)
  2 human zombies (D:5)
  Crazy Yiuf (D:7)
  6 hounds
  2 iguanas
  4 orc priests
  A scorpion zombie (D:5)
  6 orc wizards
  A human skeleton (D:5)
  9 mummies
  A howler monkey zombie (D:8)
  A gnoll (D:5)
  6 adders
  A shadow imp (D:8)
  4 white imps
  An ufetubus (D:5)
  An adder skeleton (D:5)
  3 worms
  A dart slug (D:2)
  20 orcs
  5 ball pythons
  2 bats
  11 endoplasms
  2 giant cockroaches
  6 goblins
  8 hobgoblins
  8 jackals
  23 kobolds
  5 quokkas
  2 frilled lizards (D:3)
  2 hobgoblin zombies (Ossuary)
  A kobold zombie (Ossuary)
  6 orc zombies
  3 rats
221 creatures vanquished.

Notes
Turn   | Place    | Note
-------+----------+-------------------------------------------
     0 | D:1      | pkoi the Troll Monk began the quest for the Orb.
     0 | D:1      | Reached XP level 1. HP: 22/22 MP: 0/0
   155 | D:1      | Reached XP level 2. HP: 28/29 MP: 1/1
   432 | D:1      | Reached skill level 4 in Unarmed Combat
   538 | D:2      | Reached XP level 3. HP: 36/36 MP: 2/2
   877 | D:2      | Found a hazy altar of Hepliaklqana.
  1473 | D:3      | Noticed Sigmund
  1483 | D:3      | Killed Sigmund
  1484 | D:3      | Reached skill level 6 in Unarmed Combat
  1484 | D:3      | Reached XP level 4. HP: 34/44 MP: 3/3
  1484 | D:3      | Reached XP level 5. HP: 38/50 MP: 4/4
  1631 | D:3      | Found a radiant altar of Vehumet.
  1880 | D:3      | Found a faded altar of an unknown god.
  2004 | D:4      | Reached XP level 6. HP: 59/59 MP: 5/5
  2180 | D:4      | Reached skill level 7 in Unarmed Combat
  2428 | D:4      | Noticed Duvessa
  2428 | D:4      | Noticed Dowan
  2446 | D:4      | Killed Duvessa
  2447 | D:4      | Reached skill level 8 in Unarmed Combat
  2447 | D:4      | Reached XP level 7. HP: 45/66 MP: 6/6
  2668 | D:4      | Found a glowing golden altar of the Shining One.
  2668 | D:4      | Found an iron altar of Okawaru.
  2698 | D:4      | Killed Dowan
  2745 | D:4      | Became a worshipper of Warmaster Okawaru
  2745 | D:4      | Reached * piety under Okawaru
  2745 | D:4      | Reached ** piety under Okawaru
  2945 | D:5      | Entered Level 5 of the Dungeon
  2960 | D:5      | Found a staircase to the Ecumenical Temple.
  2965 | D:5      | Noticed Edmund
  2992 | D:5      | Killed Edmund
  2993 | D:5      | Reached skill level 9 in Unarmed Combat
  3019 | Temple   | Entered the Ecumenical Temple
  3259 | D:5      | Reached XP level 8. HP: 72/74 MP: 7/7
  3278 | D:5      | Reached skill level 10 in Unarmed Combat
  3281 | D:5      | Found a sand-covered staircase.
  3292 | Ossuary  | Entered an ossuary
  3708 | D:5      | Reached *** piety under Okawaru
  3827 | D:5      | Reached skill level 11 in Unarmed Combat
  3916 | D:5      | Found a burning altar of Makhleb.
  4423 | D:6      | Reached skill level 1 in Invocations
  4432 | D:6      | Reached XP level 9. HP: 65/80 MP: 5/8
  4630 | D:6      | Identified a scroll of acquirement
  4630 | D:6      | Acquired the ring of Bofuf {rElec rF+ Dex+6}
  4983 | D:6      | Reached **** piety under Okawaru
  5092 | D:7      | Found a sacrificial altar of Ru.
  5199 | D:7      | Noticed a cyclops
  5211 | D:7      | Killed a cyclops
  5279 | D:7      | Reached skill level 12 in Unarmed Combat
  5379 | D:7      | Found a runed translucent door.
  5380 | D:7      | Noticed Crazy Yiuf
  6057 | D:7      | Killed Crazy Yiuf
  6164 | D:8      | Reached ***** piety under Okawaru
  6231 | D:8      | Reached XP level 10. HP: 87/94 MP: 11/11
  6296 | D:8      | Found a sparkling altar of Nemelex Xobeh.
  6303 | D:8      | Found a blossoming altar of Fedhas.
  6307 | D:8      | Found a broken altar of Ashenzari.
  6440 | D:8      | Noticed a two-headed ogre
  6451 | D:8      | Killed a two-headed ogre
  6546 | D:8      | Noticed Grum
  6549 | D:8      | Received a gift from Okawaru
  6561 | D:8      | Killed Grum
  6562 | D:8      | Reached skill level 5 in Fighting
  6562 | D:8      | Reached skill level 5 in Dodging
  6587 | D:8      | Found Iqaumon's Assorted Antiques.
  6628 | D:8      | Bought a potion of heal wounds for 150 gold pieces
  6628 | D:8      | Bought a runed robe for 111 gold pieces
  6628 | D:8      | Bought a potion of heal wounds for 150 gold pieces
  6765 | D:9      | Found a basalt altar of Yredelemnul.
  6890 | D:9      | Reached skill level 5 in Invocations
  6891 | D:9      | Found Woavual's Book Shoppe.
  6891 | D:9      | Noticed a two-headed ogre
  6898 | D:9      | Noticed a lindwurm
  7046 | D:9      | Found Uhyserph's Magic Scroll Emporium.
  7049 | D:9      | Bought a scroll of teleportation for 36 gold pieces
  7049 | D:9      | Bought a scroll of teleportation for 36 gold pieces
  7049 | D:9      | Bought a scroll of teleportation for 36 gold pieces
  7049 | D:9      | Bought a scroll of blinking for 90 gold pieces
  7067 | D:9      | Killed a two-headed ogre
  7245 | D:9      | Found a snail-covered altar of Cheibriados.
  7294 | D:9      | Noticed a lindwurm
  7484 | D:9      | Noticed a lindwurm
  7499 | D:9      | Noticed a lindwurm
  7509 | D:9      | Killed a lindwurm
  7510 | D:9      | Reached XP level 11. HP: 51/105 MP: 14/14
  7515 | D:9      | Slain by a lindwurm

Illustrated notes

Levels and vault maps discovered:
D:1:      wander_arrival_peaceful_grave, layout_rooms, corner_web_ring
D:2:      layout_basic, basic_altar, minmay_stone_trees_medium,
          minmay_quadrilaterals
D:3:      layout_loops_ring, lemuel_round_altar,
          shapermc_ecumenical_altar_pompeii, st_stairs_7, uniq_sigmund
D:4:      layout_loops_ring, gammafunk_temple_overflow_elements, uniq_duvessa
D:5:      layout_basic, marbit_many_paths, minmay_temple_entry_wispy,
          nicolae_ossuary_entry_catacombs, minmay_increasing_density,
          uniq_edmund
D:6:      layout_basic
D:7:      layout_loops_ring, nicolae_ru_sacrificial_ziggurat, minivault_22,
          minivault_11, hellmonk_bongcloud_opening, roderic_serpentine_path,
          uniq_crazy_yiuf_cottage
D:8:      layout_basic, grunt_temple_overflow_diamond, serial_shops,
          nicolae_shop_statue_plus, uniq_grum
D:9:      layout_roguey, chei_slow_surprise, nicolae_overflow_crystal_walls,
          serial_shops, shop_coins, kennysheep_mini, minmay_lindwurm_lava
Temple:   nicolae_temple_hex_pool

Skill      XL: |  1  2  3  4  5  6  7  8  9 10 |
---------------+-------------------------------+-----
Unarmed Combat | 4 6 8 9 11 12 | 12.9
Invocations    | 1 3 5 |  5.8
Fighting       | 4 6 |  6.0
Dodging        | 4 6 |  6.0
Stealth        | |  1.0

Action                   |  1- 3 |  4- 6 |  7- 9 | 10-12 || total
-------------------------+-------+-------+-------+-------++-------
Melee: Unarmed           |    95 |    72 |   271 |   137 ||   575
       Punch             |     1 |       |    14 |     8 ||    23
Throw: Dart              |       |       |     1 |     5 ||     6
Invok: Heroism           |       |       |     2 |     2 ||     4
  Use: Scroll            |     9 |     1 |    15 |       ||    25
       Potion            |       |       |     2 |     2 ||     4
 Stab: Sleeping          |     1 |     2 |     7 |     1 ||    11
       Invisible         |       |       |     1 |       ||     1
Armor: Robe              |    24 |     9 |    56 |    19 ||   108
       Steam dragon scal |       |       |       |    10 ||    10
Dodge: Dodged            |    32 |    27 |   119 |    84 ||   262
